 Dungeon Crawl Stone Soup version 0.22-a0-223-g0f5d773 (webtiles) character file.

770 vishdafish the Slasher (level 7, -4/52 HPs)
             Began as a Demonspawn Gladiator on Feb 18, 2018.
             Was an Initiate of Yredelemnul.
             Slain by a worker ant (5 damage)
             ... on level 6 of the Dungeon.
             The game lasted 00:08:18 (5511 turns).

vishdafish the Slasher (Demonspawn Gladiator)       Turns: 5511, Time: 00:08:19

Health: -4/52      AC:  5    Str: 21    XL:     7   Next: 52%
Magic:  16/16      EV: 14    Int:  9    God:    Yredelemnul [......]
Gold:   276        SH:  0    Dex: 15    Spells: 6/6 levels left

rFire    . . .     SeeInvis +   a - +0 long sword
rCold    . . .     Gourm    .   (no shield)
rNeg     . . .     Faith    .   b - +0 leather armour
rPois    .         Spirit   .   c - +0 helmet
rElec    .         Reflect  .   d - +0 cloak
rCorr    .         Harm     .   (no gloves)
MR       .....                  (no boots)
Stlth    +.........             l - amulet of magic regeneration
HPRegen  0.17/turn              e - ring of magical power
MPRegen  0.40/turn              h - ring of see invisible

@: mighty, lethally poisoned (-4 -> -13)
A: talons 2, powered by death 1
a: Renounce Religion


You were on level 6 of the Dungeon.
You worshipped Yredelemnul.
Yredelemnul was noncommittal.
You were not hungry.

You visited 2 branches of the dungeon, and saw 7 of its levels.

You collected 276 gold pieces.

Inventory:

Hand Weapons
 a - a +0 long sword (weapon)
 n - a +0 arbalest
Missiles
 u - 58 bolts
Armour
 b - a +0 leather armour (worn)
 c - a +0 helmet (worn)
 d - a +0 cloak (worn)
Jewellery
 e - a ring of magical power (left hand)
 h - a ring of see invisible (right hand)
 l - an amulet of magic regeneration (around neck)
 m - a +5 ring of intelligence
Wands
 v - a wand of iceblast (9)
 x - a wand of polymorph (13)
Scrolls
 i - 2 scrolls of remove curse {unknown}
 k - a scroll of fog {unknown}
 o - a scroll of magic mapping
 p - 2 scrolls of random uselessness {unknown}
 q - a scroll of blinking {unknown}
 r - a scroll of amnesia {unknown}
 s - 2 scrolls of teleportation {unknown}
 t - 2 scrolls of enchant armour {unknown}
 w - a scroll of enchant weapon
Potions
 g - a potion of flight
 z - a potion of curing {unknown}
Comestibles
 f - 10 rations


   Skills:
 - Level 3.0 Fighting
 * Level 5.4 Long Blades
 * Level 2.6 Crossbows
 - Level 2.5 Throwing
 + Level 2.3 Armour
 + Level 4.3 Dodging
 - Level 0.5 Stealth


You had 6 spell levels left.
You didn't know any spells.

Dungeon Overview and Level Annotations

Branches:
Dungeon (6/15)             Temple (1/1) D:4

Altars:
Ashenzari
Cheibriados
Dithmenos
Elyvilon
Fedhas
Gozag
Hepliaklqana
Kikubaaqudgha
Okawaru
Ru
Sif Muna
Trog
Uskayaw
Vehumet
Wu Jian
Yredelemnul
Zin
The Shining One

Annotations:
D:4 vishdafish's ghost, amateur DsGl


Innate Abilities, Weirdness & Mutations

You have razor-sharp toenails.
You regenerate a little health from kills.


Message History

You are more poisoned.
The worker ant poisons you!
You are too injured to fight recklessly!
Unknown command.
You are too injured to fight recklessly!
Unknown command.
You are too injured to fight recklessly!
Unknown command.
You feel sick. The bullfrog hits you! The bullfrog hits you.
* * * LOW HITPOINT WARNING * * *
* * * LOW HITPOINT WARNING * * *
You feel sick.
It was a potion of might.
You feel very mighty all of a sudden.
* * * LOW HITPOINT WARNING * * *
You feel sick. The bullfrog hits you!
* * * LOW HITPOINT WARNING * * *
The worker ant bites you.
You die...
Your body rises from the dead as a mindless zombie.

#...#.<[ .# #.....# #.#
##.....# #..#
###......## #..
#.........# #..###
#.....#...#
#....#####........#####
#....a.##..............
#....F@.......)........
##...........###...####
#######......#....#
##.........<#
##.........#
##...(....# ##.......#
##......# #.......#


You could see a bullfrog and a worker ant.

Vanquished Creatures
  An ice beast (D:6)
  An ogre (D:4)
  A centaur (D:5)
  2 crimson imps (D:5)
  A jelly (D:3)
  2 orc wizards (D:4)
  2 orc priests (D:4)
  Crazy Yiuf (D:3)
  Natasha (twice) (D:3)
  A centaur skeleton (D:5)
  An iguana (D:5)
  4 gnolls (D:4)
  6 adders
  3 worms (D:2)
  2 dart slugs
  4 leopard geckos
  7 orcs
  5 bats (D:3)
  A giant cockroach (D:1)
  5 goblins
  4 hobgoblins (D:3)
  3 jackals (D:1)
  A quokka (D:4)
  A ball python (D:1)
  4 frilled lizards
  9 kobolds
  4 rats
  A spectral orc (D:5)
79 creatures vanquished.

Notes
Turn   | Place    | Note
-------+----------+-------------------------------------------
     0 | D:1      | vishdafish the Demonspawn Gladiator began the quest for the Orb.
     0 | D:1      | Reached XP level 1. HP: 16/16 MP: 1/1
   189 | D:1      | Gained mutation: You regenerate a little health from kills. [demonic ancestry]
   189 | D:1      | Reached XP level 2. HP: 15/22 MP: 2/2
   504 | D:1      | Reached skill level 3 in Long Blades
   652 | D:2      | Gained mutation: You have sharp toenails. [demonic ancestry]
   652 | D:2      | Reached XP level 3. HP: 27/27 MP: 3/3
   670 | D:2      | Found a snail-covered altar of Cheibriados.
   826 | D:2      | Found a bloodstained altar of Trog.
  1181 | D:3      | Reached XP level 4. HP: 22/33 MP: 4/4
  1446 | D:3      | Reached skill level 1 in Armour
  1456 | D:3      | Noticed Natasha
  1466 | D:3      | Killed Natasha
  1737 | D:3      | Found a runed door.
  1896 | D:3      | Reached XP level 5. HP: 36/39 MP: 5/5
  1951 | D:3      | Found an ornate altar of the Wu Jian Council.
  1955 | D:3      | Found a white marble altar of Elyvilon.
  2190 | D:3      | Noticed Natasha
  2196 | D:3      | Killed Natasha
  2196 | D:3      | Reached skill level 4 in Long Blades
  2268 | D:3      | Noticed Crazy Yiuf
  2282 | D:3      | Killed Crazy Yiuf
  2560 | D:4      | Noticed vishdafish's ghost (amateur DsGl)
  2937 | D:4      | Noticed an ogre
  2943 | D:4      | Killed an ogre
  2943 | D:4      | Gained mutation: You have razor-sharp toenails. [demonic ancestry]
  2943 | D:4      | Reached XP level 6. HP: 47/47 MP: 6/6
  2944 | D:4      | Found a blossoming altar of Fedhas.
  3155 | D:4      | Found a hide-covered altar of Uskayaw.
  3277 | D:4      | Reached skill level 1 in Crossbows
  3517 | D:4      | Found a staircase to the Ecumenical Temple.
  3530 | Temple   | Entered the Ecumenical Temple
  4273 | D:5      | Entered Level 5 of the Dungeon
  4289 | D:5      | Reached skill level 5 in Long Blades
  4289 | D:5      | Reached XP level 7. HP: 33/52 MP: 7/7
  4857 | D:5      | Found a basalt altar of Yredelemnul.
  4996 | D:5      | Became a worshipper of Yredelemnul the Dark
  5511 | D:6      | HP: 1/52 [bullfrog (7)]
  5511 | D:6      | Slain by a worker ant

Vault maps used:
D:1:      minmay_arrival_wavy_path, nrook_mini_backslash
D:2:      cheibrodos_helix_gallery, cheibriados_altar_1, lemuel_round_altar
D:3:      minitemple, minmay_misc_feat_x, uniq_crazy_yiuf_cottage, uniq_natasha
D:4:      kennysheep_mini, minmay_temple_entry_grid, fedhas_altar_3
D:5:      yredelemnul_forgotten_temple_becter, first_ration
D:6:      marbit_many_paths
Temple:   minmay_temple_curvy_loop

Skill      XL: |  1  2  3  4  5  6  7 |
---------------+----------------------+-----
Dodging        | 3 4 |  4.3
Long Blades    | 3 4 5 |  5.4
Armour         | 1 2 |  2.3
Throwing       | 2 |  2.5
Fighting       | 3 |  3.0
Crossbows      | 1 2 |  2.6
Stealth        | |  0.5

Action                   |  1- 3 |  4- 6 |  7- 9 || total
-------------------------+-------+-------+-------++-------
Melee: Long sword        |    69 |   128 |    32 ||   229
       Kick              |     7 |    43 |    10 ||    60
 Fire: Arbalest          |       |    10 |       ||    10
Throw: Throwing net      |     3 |     2 |       ||     5
  Use: Potion            |       |     4 |     1 ||     5
       Scroll            |       |     5 |       ||     5
 Stab: Sleeping          |     1 |       |       ||     1
       Held in net/web   |     1 |       |       ||     1
       Invisible         |       |     1 |       ||     1
  Eat: Chunk             |       |     4 |       ||     4
       Ration            |       |     2 |     1 ||     3
Armor: Leather armour    |    14 |    36 |     6 ||    56
Dodge: Dodged            |    47 |   103 |    31 ||   181
       Rpst.: Long sword |    17 |    35 |    13 ||    65

Table legend:
 A = Spawn XP
 B = Non-spawn XP
 C = Spawn XP percentage of total XP
 D = Spawn monster count
 E = Non-spawn monster count
 F = Spawn count percentage of total count
 G = Total turns spent on level
                    A         B        C        D         E        F      G
               +---------+---------+-------+---------+---------+-------+---------
         Total |       0 |    1100 |   0.0 |       0 |      79 |   0.0 |  5511
               +---------+---------+-------+---------+---------+-------+---------
           D:1 |       0 |      32 |   0.0 |       0 |      17 |   0.0 |   632
           D:2 |       0 |      24 |   0.0 |       0 |       9 |   0.0 |   485
           D:3 |       0 |     227 |   0.0 |       0 |      24 |   0.0 |  1815
           D:4 |       0 |     366 |   0.0 |       0 |      18 |   0.0 |  1435
           D:5 |       0 |     322 |   0.0 |       0 |      10 |   0.0 |   904
           D:6 |       0 |     129 |   0.0 |       0 |       1 |   0.0 |    29
               +---------+---------+-------+---------+---------+-------+---------
